 Dungeon Crawl Stone Soup version 0.31-a0-1616-gbeaec30b81 (webtiles) character file.

Game seed: 15029427100570935125

55889 Inarius the Covert (level 14, -12/95 (99) HPs)
             Began as an Octopode Fighter on Jan 9, 2024.
             Was a High Priest of Nemelex Xobeh.
             Killed from afar by a death drake (15 damage)
             ... with a foul vapour
             ... in a Gauntlet on Jan 10, 2024.
             The game lasted 00:39:54 (25657 turns).

Inarius the Covert (Octopode Fighter)              Turns: 25657, Time: 00:39:54

HP:   -12/95 (99)   AC:  1    Str: 25    XL:     14   Next: 79%
MP:   31/31         EV: 18    Int: 11    God:    Nemelex Xobeh [*****.]
Gold: 993           SH: 11    Dex: 18    Spells: 13/13 levels left

rFire   + + .        b - +5 broad axe
rCold   + . .        I - +0 kite shield
rNeg    . . .        (helmet currently unavailable)
rPois   .            l - amulet of faith
rElec   .            g - +6 ring of strength
rCorr   .            z - ring of protection from fire
SInv    +            P - ring of see invisible
Will    +....        H - +6 ring of dexterity
Stlth   +++++++      G - ring of magical power
HPRegen 0.35/turn    M - ring of protection from cold
MPRegen 0.22/turn    r - ring of fire
                     i - ring of protection from cold

%: no teleportation, faith
@: lethally poisoned (-12 -> -24), beast-form, slowed, lightly drained, very
slow
A: beast (slay +2), almost no armour, amphibious, 8 rings, camouflage 1,
gelatinous body 1, (nimble swimmer 1), tentacles
a: Begin Untransformation, Renounce Religion, Draw Escape, Draw Destruction,
Draw Summoning, Triple Draw, Deal Four, Stack Five


You were in a Gauntlet.
You worshipped Nemelex Xobeh.
Nemelex Xobeh was extremely pleased with you.
You were a hulking beast.
You visited 4 branches of the dungeon, and saw 20 of its levels.
You also visited: Sewer, Ossuary and Gauntlet.

You collected 1957 gold pieces.
You spent 964 gold pieces at shops.

Inventory:

Hand Weapons
 a - a +1 war axe of draining
 b - a +5 broad axe (weapon)
 B - a +4 morningstar
 D - a +5 hand axe of freezing
Armour
 A - the +3 hat of Pondering {ponderous, Will+ MP+10 Int+5}
   (You took it off Gastronok on level 8 of the Dungeon)

   Int+5:     It affects your intelligence (+5).
   Will+:     It increases your willpower.
   MP+10:     It affects your magic capacity (+10).
 I - a +0 kite shield (worn)
Jewellery
 g - a +6 ring of strength (left tentacle)
 i - a ring of protection from cold (on tentacle)
 l - an amulet of faith (around mantle)
 q - a ring of ice
 r - a ring of fire (on tentacle)
 z - a ring of protection from fire (right tentacle)
 E - a ring of flight
 G - a ring of magical power (on tentacle)
 H - a +6 ring of dexterity (on tentacle)
 M - a ring of protection from cold (on tentacle)
 P - a ring of see invisible (on tentacle)
Talismans
 C - a beast talisman (active)
Wands
 e - a wand of charming (2)
 v - a wand of iceblast (7)
 F - a wand of mindburst (2)
Scrolls
 d - 2 scrolls of amnesia
 f - 10 scrolls of teleportation
 j - a scroll of blinking
 p - 7 scrolls of immolation
 t - a scroll of fog
 w - a scroll of noise
 x - 2 scrolls of poison
 y - a scroll of vulnerability
 J - 3 scrolls of fear
 L - a scroll of butterflies
 N - a scroll of enchant armour
Potions
 c - a potion of might
 h - 2 potions of brilliance
 n - 2 potions of attraction
 o - 5 potions of heal wounds
 s - a potion of resistance
 u - 2 potions of haste
 K - 3 potions of ambrosia {unknown}
 O - a potion of mutation
Miscellaneous
 m - a phantom mirror


   Skills:
 + Level 10.2 Fighting
 + Level 13.6 Axes
 + Level 9.3 Dodging
 + Level 13.7 Stealth
 + Level 8.4 Shields
 + Level 10.8 Invocations
 * Level 7.8 Evocations
 + Level 4.2 Shapeshifting


You had 13 spell levels left.
You didn't know any spells.
Your spell library contained the following spells:

 Spells                   Type           Power      Damage    Failure   Level
 Freeze                   Ice            0%         1d3       54%         1
 Kiss of Death            Conj/Necr      0%         2d5       54%         1
 Cigotuvi's Dreadful Rot  Necr/Alch/Air  0%         N/A       67%         2
 Mercury Vapours          Alch/Air       0%         N/A       67%         2
 Confusing Touch          Hex            0%         N/A       88%         3
 Frozen Ramparts          Ice            0%         1d1       88%         3
 Hailstorm                Conj/Ice       0%         3d5       88%         3
 Mephitic Cloud           Conj/Alch/Air  0%         N/A       88%         3
 Brom's Barrelling Bould  Conj/Erth      0%         2d3       99%         4
 Dispel Undead            Necr           0%         3d6       99%         4
 Ignite Poison            Fire/Alch      0%         N/A       99%         4
 Leda's Liquefaction      Alch/Erth      0%         N/A       99%         4
 Petrify                  Alch/Erth      0%         N/A       99%         4
 Fireball                 Conj/Fire      0%         3d3       100%        5
 Freezing Cloud           Conj/Ice/Air   0%         6-21      100%        5
 Iskenderun's Battlesphe  Conj           0%         2d6       100%        5
 Metabolic Englaciation   Hex/Ice        0%         N/A       100%        5
 Conjure Ball Lightning   Conj/Air       0%         3x3d6     100%        6
 Orb of Destruction       Conj           0%         9d5       100%        7


Dungeon Overview and Level Annotations

Branches:
Dungeon (12/15)            Temple (1/1) D:7            Lair (5/5) D:9
  Swamp (0/4) Lair:3        Snake (0/4) Lair:2        Slime (0/5) Lair:4
    Orc (2/2) D:10            Elf (0/3) Orc:2         Sewer (visited)
Ossuary (visited)         Gauntlet (1/1)

Altars:
Ashenzari
Cheibriados
Dithmenos
Elyvilon
Fedhas
Gozag
Hepliaklqana
Kikubaaqudgha
Makhleb
Nemelex Xobeh
Okawaru
Qazlal
Ru
Sif Muna
Trog
Uskayaw
Vehumet
Wu Jian
Xom
Yredelemnul
Zin
The Shining One
Jiyva

Shops:
Orc:2 :??!:

Annotations:
D:7 1 runed translucent door
D:8 2 transporters, exclusions: ice statue and oklob plant, Tux's ghost, novice VSFi
D:10 2 transporters, Iwannabefree's ghost, journeyman HuIE
Lair:1 2 transporters, Coiter's ghost, journeyman SpDe
Lair:2 exclusion: 4 oklob plants Gauntlet 13 transporters


Innate Abilities, Weirdness & Mutations

You are a hulking beast.
Your limbs bulge with bestial killing power. (Slay +2)
You cannot wear most types of armour.
You are amphibious.
You can wear up to eight rings at the same time.
Your skin changes colour to match your surroundings (Stealth+).
Your rubbery body absorbs attacks. (AC +1, EV +1)
((You are camouflaged when in or above water. (Stealth+)))
You have tentacles for arms and can constrict up to eight enemies at once.


Message History

* * * LOW HITPOINT WARNING * * *
Unknown command.
Unknown command.
* * * LOW HITPOINT WARNING * * *
You feel very sick.
The death drake attacks as it pursues you!
The death drake misses you. You block the death drake's attack.
Unknown command.
You feel better.
The centaur warrior zombie hits you but does no damage.
The centaur warrior zombie kicks you.
* * * LOW HITPOINT WARNING * * *
You block the death drake's attack.
The centaur warrior zombie barely misses you. x2
The death drake completely misses you.
You draw a card...
You have drawn Wild Magic.
The death drake looks incredibly sick.
The centaur warrior zombie is blasted with air!
You feel a surge of magic.
You block the centaur warrior zombie's attack.
The centaur warrior zombie kicks you.
* * * LOW HITPOINT WARNING * * *
The death drake misses you. The centaur warrior zombie hits you!
* * * LOW HITPOINT WARNING * * *
The centaur warrior zombie kicks you.
* * * LOW HITPOINT WARNING * * *
The death drake misses you.
Unknown command.
You draw a card...
You have drawn the Tomb.
Walls emerge from the floor!
The centaur warrior zombie hits you.
* * * LOW HITPOINT WARNING * * *
The centaur warrior zombie kicks you but does no damage.
You block the death drake's attack.
You block the centaur warrior zombie's attack.
The centaur warrior zombie misses you. The death drake breathes miasma at you.
The foul vapour engulfs you!
You are lethally poisoned!
You die...
Your body glows with a rainbow of weird colours and disappears.

#8#........................
###.###########.###########
#.#[:#.©.#!.#.#..!)©.[..#
###.##..#.#..##.##.##.##.##
#8#.#.#..#..#.#.##.#####.##
###.#..#...#..#.#.........#
#.##..#.#..##.###.##.#..#
###.#.#..#kZ#.#.###.##©##.#
#8#.#..#.#h#..#.##........#
###.#...####..#.#t##.##.###
#.#....#....#.#.##.##...#
###.#######################
#8#.....#©...........©.....
###≈....#############.#####
####..............#.#≈≈8≈
#8#..............#.#####
###############..#.#....


You could see a death drake (catching breath) and a centaur warrior zombie.

Vanquished Creatures
  Gastronok (D:8)
  An ettin (Orc:1)
  A centaur warrior (Orc:1)
  A two-headed ogre (Orc:1)
  Erica (D:9)
  A catoblepas (Lair:1)
  A skyshark (Lair:3)
  A swamp dragon (Lair:3)
  2 orc knights
  An orc sorcerer (Orc:1)
  A manticore (D:11)
  A spectral centaur (Gauntlet)
  A salamander (Lair:2)
  6 kobold blastminers
  3 black mambas
  A torpor snail (Lair:1)
  9 elephants
  9 cane toads
  7 rime drakes
  7 komodo dragons
  A polar bear (Lair:4)
  3 trolls
  A queen bee (Lair:2)
  10 blink frogs
  A raiju (Gauntlet)
  2 dream sheep (Lair:1)
  Sigmund (D:2)
  3 slime creatures (D:11)
  8 wyverns
  5 steam dragons
  33 yaks
  8 basilisks
  A warg (Orc:1)
  A vampire mosquito (D:10)
  13 water moccasins
  32 orc warriors
  4 black bears
  3 sky beasts
  3 laughing skulls (Gauntlet)
  2 ice beasts
  5 ogres
  8 wolves
  8 centaurs
  2 phantoms
  A weeping skull (Ossuary)
  6 kobold brigands
  2 gnoll sergeants (D:8)
  9 bullfrogs
  4 water moccasin zombies (Ossuary)
  14 wights
  49 killer bees
  6 howler monkeys
  3 lava snakes (Lair:2)
  3 hounds
  4 jellies
  18 orc priests
  3 iguanas
  Jessica (D:2)
  Natasha (thrice) (D:2)
  Terence (D:2)
  23 orc wizards
  A hell rat (Lair:2)
  2 crocodile zombies (Ossuary)
  A bullfrog simulacrum (Ossuary)
  2 mummies (Ossuary)
  8 gnolls
  15 adders
  2 river rats (Sewer)
  A shadow imp (D:6)
  4 white imps
  2 ufetubi (D:5)
  3 adder zombies (Ossuary)
  3 dart slugs
  6 ribbon worms
  70 orcs
  7 ball pythons
  11 endoplasms
  9 giant cockroaches
  12 gnoll zombies (Ossuary)
  6 goblins
  6 hobgoblins
  4 quokkas
  16 bats
  2 frilled lizards
  5 jackal zombies (Ossuary)
  26 kobolds
  3 orc zombies (Ossuary)
  7 rats
598 creatures vanquished.

Vanquished Creatures (collateral kills)
  A kobold blastminer (Orc:2)
  2 centaurs (Orc:2)
  An orc priest (Orc:2)
  An orc wizard (Orc:1)
  2 orcs (Orc:2)
7 creatures vanquished.

Vanquished Creatures (others)
  An orc warrior (Orc:2)
1 creature vanquished.

Grand Total: 606 creatures vanquished

Notes
Turn   | Place    | Note
-------+----------+-------------------------------------------
     0 | D:1      | Inarius the Octopode Fighter began the quest for the Orb.
     0 | D:1      | Reached XP level 1. HP: 16/16 MP: 1/1
   141 | D:1      | Reached XP level 2. HP: 19/21 MP: 2/2
   277 | D:1      | Found a faded altar of an unknown god.
   540 | D:2      | Noticed Terence
   550 | D:2      | Killed Terence
   551 | D:2      | Reached skill level 1 in Stealth
   551 | D:2      | Reached XP level 3. HP: 8/26 MP: 3/3
   684 | D:2      | Found a stormy altar of Qazlal.
   715 | D:2      | Reached XP level 4. HP: 31/31 MP: 4/4
   744 | D:2      | Noticed Sigmund
   750 | D:2      | Killed Sigmund
   751 | D:2      | Reached XP level 5. HP: 27/37 MP: 5/5
   751 | D:2      | Reached XP level 6. HP: 31/43 MP: 6/6
   975 | D:2      | Noticed Natasha
   981 | D:2      | Killed Natasha
  1097 | D:2      | Noticed Jessica
  1101 | D:2      | Killed Jessica
  1197 | D:2      | Noticed Natasha
  1201 | D:2      | Killed Natasha
  1238 | D:2      | Noticed Natasha
  1245 | D:2      | Killed Natasha
  1310 | D:3      | Found a glowing drain.
  1352 | Sewer    | Entered a sewer
  1722 | Sewer    | Reached skill level 5 in Stealth
  1758 | Sewer    | Reached XP level 7. HP: 24/48 MP: 7/7
  1989 | Sewer    | Reached skill level 5 in Axes
  2972 | D:3      | Found a faded altar of an unknown god.
  2976 | D:3      | Found a radiant altar of Vehumet.
  3071 | D:4      | Reached XP level 8. HP: 37/54 MP: 8/8
  3856 | D:5      | Entered Level 5 of the Dungeon
  4024 | D:5      | Found a shadowy altar of Dithmenos.
  4085 | D:5      | Found a shimmering blue altar of Sif Muna.
  4235 | D:5      | Reached skill level 5 in Fighting
  5094 | D:6      | Found an ornate altar of the Wu Jian Council.
  5178 | D:6      | Reached XP level 9. HP: 61/61 MP: 9/9
  5931 | D:7      | Found a sand-covered staircase.
  5936 | Ossuary  | Entered an ossuary
  5962 | Ossuary  | Reached skill level 10 in Stealth
  5965 | Ossuary  | Reached skill level 5 in Dodging
  6692 | D:7      | Reached XP level 10. HP: 13/68 MP: 10/10
  6887 | D:7      | Found a staircase to the Ecumenical Temple.
  6893 | Temple   | Found a transporter.
  6893 | Temple   | Found a transporter.
  6893 | Temple   | Found a transporter.
  6893 | Temple   | Found a transporter.
  6893 | Temple   | Entered the Ecumenical Temple
  6917 | Temple   | Became a worshipper of Nemelex Xobeh the Trickster
  7015 | D:7      | Found a blossoming altar of Fedhas.
  7026 | D:7      | Reached skill level 10 in Axes
  7026 | D:7      | Reached skill level 5 in Shields
  7026 | D:7      | Reached skill level 5 in Invocations
  7026 | D:7      | Reached XP level 11. HP: 48/75 MP: 10/15
  7081 | D:7      | Reached XP level 12. HP: 35/83 MP: 15/17
  7244 | D:7      | Found a stormy altar of Qazlal.
  7341 | D:7      | Found a broken altar of Ashenzari.
  7674 | D:7      | Found a runed translucent door.
  8711 | D:8      | Noticed Tux's ghost (novice VSFi)
  8713 | D:8      | Noticed a two-headed ogre
  8718 | D:8      | Found a transporter.
  8731 | D:8      | Found a transporter.
  8731 | D:8      | Noticed a tengu warrior
  8736 | D:8      | Noticed Gastronok
  8829 | D:8      | Killed Gastronok
  8830 | D:8      | Reached skill level 1 in Evocations
  9258 | D:9      | Reached * piety under Nemelex Xobeh
  9269 | D:9      | Noticed Erica
 10318 | D:9      | Reached skill level 1 in Shapeshifting
 10513 | D:9      | Received a gift from Nemelex Xobeh
 10710 | D:9      | Found a staircase to the Lair.
 10993 | D:9      | Killed Erica
 11299 | D:10     | Entered Level 10 of the Dungeon
 11493 | D:10     | Received a gift from Nemelex Xobeh
 11498 | D:10     | Found a staircase to the Orcish Mines.
 11524 | D:10     | Noticed a two-headed ogre
 11573 | D:10     | Reached ** piety under Nemelex Xobeh
 12039 | D:10     | Found a transporter.
 12040 | D:10     | Found a transporter.
 12041 | D:10     | Noticed Iwannabefree's ghost (journeyman HuIE)
 12041 | D:10     | Identified the +8 dire flail "Xobeac" {elec, Will+ Str+3
                  | Int+3}
 12041 | D:10     | Noticed a two-headed ogre
 12041 | D:10     | Noticed a two-headed ogre
 12396 | D:11     | Received a gift from Nemelex Xobeh
 12571 | D:11     | Identified the +10 sling "Ultimatum" {heavy, rCorr Stlth+}
 13358 | D:11     | Reached *** piety under Nemelex Xobeh
 13652 | Lair:1   | Entered Level 1 of the Lair of Beasts
 13652 | Lair:1   | Received a gift from Nemelex Xobeh
 13784 | Lair:1   | Reached XP level 13. HP: 89/89 MP: 19/19
 13861 | Lair:1   | Received a gift from Nemelex Xobeh
 13877 | Lair:1   | Found a transporter.
 13881 | Lair:1   | Noticed Coiter's ghost (journeyman SpDe)
 13882 | Lair:1   | Found a transporter.
 14883 | Lair:1   | Reached skill level 5 in Evocations
 15121 | Lair:1   | Reached **** piety under Nemelex Xobeh
 15852 | Lair:2   | Received a gift from Nemelex Xobeh
 15888 | Lair:2   | HP: 3/90 [poisoned by a killer bee]
 15890 | Lair:1   | HP: 1/90 [basilisk (1)]
 16378 | Orc:1    | Entered Level 1 of the Orcish Mines
 17021 | Orc:2    | Entered Level 2 of the Orcish Mines
 17933 | Orc:1    | Reached skill level 10 in Invocations
 19354 | Orc:1    | Noticed an ettin
 19374 | Orc:1    | Killed an ettin
 19693 | Orc:2    | Received a gift from Nemelex Xobeh
 19763 | Orc:2    | Reached XP level 14. HP: 40/97 MP: 21/21
 19966 | Orc:2    | Found a staircase to the Elven Halls.
 20248 | Orc:2    | Found Hiptamu's Distillery.
 20248 | Orc:2    | Found Zoon's Magic Scroll Boutique.
 20248 | Orc:2    | Found Gamel's Magic Scroll Shop.
 20251 | Orc:2    | Found Diem's Book Shoppe.
 20255 | Orc:2    | Bought a potion of heal wounds for 65 gold pieces
 20258 | Orc:2    | Bought a scroll of enchant weapon for 135 gold pieces
 20265 | Orc:2    | Bought a potion of might for 52 gold pieces
 20265 | Orc:2    | Bought a potion of heal wounds for 65 gold pieces
 20265 | Orc:2    | Bought a potion of resistance for 130 gold pieces
 20265 | Orc:2    | Bought a potion of might for 52 gold pieces
 20266 | Orc:2    | Bought a scroll of identify for 30 gold pieces
 20266 | Orc:2    | Bought 3 scrolls of teleportation for 135 gold pieces
 20266 | Orc:2    | Bought a scroll of identify for 30 gold pieces
 20271 | Orc:2    | Bought a scroll of identify for 36 gold pieces
 20271 | Orc:2    | Bought a scroll of fog for 72 gold pieces
 20271 | Orc:2    | Bought 3 scrolls of teleportation for 162 gold pieces
 20324 | Orc:2    | Found Cunguy Fadeo's Book Shoppe.
 20739 | Lair:2   | Received a gift from Nemelex Xobeh
 21531 | Lair:2   | Found a staircase to the Snake Pit.
 21785 | Lair:2   | Reached ***** piety under Nemelex Xobeh
 22052 | Lair:2   | Upgraded the game from 0.31-a0-1612-g4aaf141004 to
                  | 0.31-a0-1616-gbeaec30b81
 22926 | Lair:3   | Received a gift from Nemelex Xobeh
 23153 | Lair:3   | Received a gift from Nemelex Xobeh
 23258 | Lair:3   | Found a staircase to the Swamp.
 23746 | Lair:4   | Reached skill level 10 in Fighting
 23830 | Lair:4   | Received a gift from Nemelex Xobeh
 23946 | Lair:4   | Found a viscous altar of Jiyva.
 23947 | Lair:4   | Found a staircase to the Slime Pits.
 24851 | Lair:5   | Entered Level 5 of the Lair of Beasts
 24878 | Lair:5   | Found a gate leading to a gauntlet.
 24887 | Gauntlet | Entered a Gauntlet
 24887 | Gauntlet | Found a transporter.
 24990 | Gauntlet | Found a transporter.
 25005 | Gauntlet | Found a transporter.
 25010 | Gauntlet | Found a transporter.
 25027 | Gauntlet | Found a transporter.
 25045 | Gauntlet | Noticed a reaper
 25046 | Gauntlet | Found a transporter.
 25058 | Gauntlet | Found a transporter.
 25066 | Gauntlet | Received a gift from Nemelex Xobeh
 25067 | Gauntlet | Noticed a dire elephant
 25070 | Gauntlet | Found a transporter.
 25082 | Gauntlet | Found a transporter.
 25088 | Gauntlet | Found a transporter.
 25088 | Gauntlet | Found a transporter.
 25103 | Gauntlet | Found a transporter.
 25120 | Gauntlet | Found a transporter.
 25140 | Gauntlet | Found a transporter.
 25165 | Gauntlet | Found a transporter.
 25167 | Gauntlet | Found a transporter.
 25187 | Gauntlet | Found a transporter.
 25265 | Gauntlet | Found a transporter.
 25656 | Gauntlet | HP: 4/95 [centaur warrior zombie (2)]
 25657 | Gauntlet | Killed from afar by a death drake

Illustrated notes

Levels and vault maps discovered:
D:1:      saegor_arrival_simple_d, layout_rooms,
          dreamdust_ecumenical_altar_hidden_monk_grotto
D:2:      layout_basic, basic_altar, hangedman_decor_clover_reticule,
          uniq_natasha, uniq_jessica, uniq_terence, uniq_sigmund
D:3:      minmay_chambers_of_threes, layout_basic,
          nicolae_overflow_ecumenical_swirl, portal_sewer_entry_f,
          minmay_misc_feat_pillars, minmay_misc_feat_cross, dk_noncrumbling_4
D:4:      layout_basic
D:5:      layout_basic, mainiacjoe_overflow_small_starburst,
          nicolae_dithmenos_the_darkroom, serial_corexii_hall,
          chequers_hall_statues_y, chequers_hall_statues_corner_a
D:6:      layout_gridville, lemuel_coloured_pillars_altar, st_stairs_7
D:7:      cheibrodos_shockbox, layout_basic, nicolae_ashenzari_panopticon,
          mainiacjoe_overflow_six_doors_small, fedhas_altar_2,
          minmay_temple_entry_nine_rooms, nicolae_ossuary_entry_plus
D:8:      layout_rooms, nzn_ghost_randoct, uniq_gastronok
D:9:      layout_cave_pools, erik_lair_dragon, uniq_erica
D:10:     layout_loops_ring, hiddenorc1_lemuel, gammafunk_ghost_smash,
          hangedman_decor_push, minivault_5, serial_bayou_pond_d,
          corexii_corridor_pit, kennysheep_generic_room_7
D:11:     layout_roguey
D:12:     layout_small_grid, gammafunk_ghost_arena
Temple:   hellmonk_temple_divided_pantheon
Lair:1:   layout_cave_pods, gammafunk_ghost_arena, serial_bayou_pond_d,
          grunt_megastairs_5
Lair:2:   hangedman_what_comes_after_a, layout_long_grid,
          nicolae_snake_entry_warm_welcome
Lair:3:   layout_cave_shapes, minmay_swamp_entry_reptiles
Lair:4:   layout_long_grid, nicolae_slime_entry_field_trip
Lair:5:   evil_forest, layout_cave_pods, gauntlet_entry_generic,
          grunt_megastairs_2
Orc:1:    layout_caves, roderic_batcave
Orc:2:    st_orc_rangers, layout_caves, serial_shops,
          nicolae_shop_pleasant_corner_grove
Gauntlet: gammafunk_gauntlet_one_two_three [nicolae_gauntlet_arena_quarters,
          nicolae_gauntlet_arena_flowing_pool, gammafunk_gauntlet_arena_hedges,
          gammafunk_gauntlet_arena_grid, gammafunk_gauntlet_arena_chambers,
          nicolae_gauntlet_arena_blocks, gammafunk_gauntlet_arena_mazey,
          gammafunk_gauntlet_arena_crates,
          gammafunk_gauntlet_arena_arrow_garden,
          nicolae_gauntlet_exit_dead_adventurers]

Skill      XL: |  1  2  3  4  5  6  7  8  9 10 11 12 13 14 |
---------------+-------------------------------------------+-----
Stealth        | 1 3 5 6 8 10 11 12 13 | 13.7
Axes           | 3 4 5 7 9 10 11 12 13 | 13.6
Fighting       | 4 5 6 7 8 9 10 | 10.2
Dodging        | 4 5 6 7 8 9 |  9.3
Shields        | 4 5 6 7 8 |  8.4
Invocations    | 5 7 9 10 | 10.8
Evocations     | 4 6 7 |  7.8
Shapeshifting  | 2 3 4 |  4.2

Action                     |  1- 3 |  4- 6 |  7- 9 | 10-12 | 13-15 || total
---------------------------+-------+-------+-------+-------+-------++-------
  Melee: War axe           |    36 |    67 |   243 |   341 |   284 ||   971
         Constrict         |     9 |    14 |    45 |    58 |    99 ||   225
         Tentacles         |     5 |    13 |    32 |    71 |   151 ||   272
         Punch             |       |       |     2 |     2 |    10 ||    14
         Broad axe         |       |       |       |       |   284 ||   284
 Invoke: Draw Destruction  |       |       |       |     1 |    10 ||    11
         Draw Escape       |       |       |       |       |     1 ||     1
  Evoke: Wand              |       |       |       |    15 |    25 ||    40
    Use: Potion            |     1 |       |       |     8 |    14 ||    23
         Scroll            |       |     4 |     6 |     3 |    15 ||    28
   Stab: Sleeping          |    10 |    13 |    34 |    14 |    13 ||    84
         Distracted        |       |       |     2 |     1 |     5 ||     8
         Invisible         |       |       |       |     2 |       ||     2
 Armour: Skin              |    15 |    27 |   103 |   180 |   328 ||   653
  Dodge: Dodged            |    10 |    27 |   115 |   200 |   439 ||   791
  Block: Buckler           |     6 |     5 |    35 |    85 |       ||   131
         Kite shield       |       |       |       |     5 |   427 ||   432
   Form: Beast             |       |       |       |     1 |       ||     1

Table legend: (Time is in decaauts)
 A = Elapsed time spent in this place.
 B = Non-inter-level travel time spent in this place.
 C = Inter-level travel time spent in this place.
 D = Time resting spent in this place.
 E = Time spent auto-exploring this place.
 F = Levels seen in this place.
 G = Mean time per level.
                   A        B        C        D        E       F      G
               +--------+--------+--------+--------+--------+-----+--------+
         Total |  25798 |  24582 |   1216 |   9403 |  10269 |  23 | 1121.7 |
       Dungeon |  12632 |  11846 |    786 |   3419 |   6345 |  12 | 1052.7 |
        Temple |     40 |     40 |      0 |      0 |      0 |   1 |   40.0 |
          Lair |   6997 |   6703 |    294 |   2977 |   2231 |   5 | 1399.4 |
  Orcish Mines |   4106 |   3971 |    135 |   2597 |    687 |   2 | 2053.0 |
         Sewer |    920 |    920 |      0 |    262 |    411 |   1 |  920.0 |
       Ossuary |    328 |    328 |      0 |      0 |    223 |   1 |  328.0 |
      Gauntlet |    772 |    772 |      0 |    147 |    372 |   1 |  772.0 |
               +--------+--------+--------+--------+--------+-----+--------+

Top non-repeatable levels by time:
   Orc:1: 2863 daAuts
  Lair:1: 2502 daAuts
  Lair:2: 2288 daAuts
     D:7: 2181 daAuts
     D:9: 1588 daAuts
     D:8: 1478 daAuts
   Orc:2: 1242 daAuts
  Lair:4: 1213 daAuts
    D:11: 1144 daAuts
    D:10: 1100 daAuts
     D:6: 1072 daAuts
     D:5: 1058 daAuts
  Lair:3: 952 daAuts
   Sewer: 920 daAuts
     D:3: 908 daAuts
